PL
AUSTIN RANGERS @ BOSTON PATRIOTS
07/26/2027
 
TOP OF THE 1ST
Austin Rangers batting - Pitching for Boston Patriots : RHP Lúcio Sánchez
Pitching: RHP Lúcio Sánchez
Batting: RHB Miguel Morán 0-0: Ball
1-0: Swinging Strike
1-1: Ball
2-1: Ball
3-1: Foul Ball, location: 2F
3-2: Base on Balls
Batting: RHB Rodney Hanna 0-0: Ground out 5-3 (Groundball, 56S)
Miguel Morán to second
Batting: SHB Xavier Vásquez 0-0: Called Strike
0-1: Ball
Miguel Morán is caught stealing 3rd base
1-1: Foul Ball, location: 2F
1-2: SINGLE (Groundball, 4D)
Batting: LHB Jesús Reyes 0-0: Called Strike
0-1: Ball
1-1: Ball
2-1: Called Strike
2-2: Foul Ball, location: 2F
2-2: Foul Ball, location: 2F
2-2: Foul Ball, location: 2F
2-2: Foul Ball, location: 2F
2-2: Strikes out looking
Top of the 1st over - 0 run(s), 1 hit(s), 0 error(s), 1 left on base; Austin 0 - Boston 0
BOTTOM OF THE 1ST
Boston Patriots batting - Pitching for Austin Rangers : RHP Juan Valéncia
Pitching: RHP Juan Valéncia
Batting: LHB Alberto Enríquez 0-0: Ball
1-0: Swinging Strike
1-1: Foul Ball, location: 2F
1-2: Foul Ball, location: 2F
1-2: Foul Ball, location: 2F
1-2: Ground out 4-3 (Groundball, 4)
Batting: LHB Ramón Félix 0-0: Called Strike
0-1: Ball
1-1: Ball
2-1: Ball
3-1: Fly out, F9 (Flyball, 9LM)
Batting: RHB Terry Armstrong 0-0: Ball
1-0: SINGLE (Groundball, 56D)
Batting: RHB Joseph Papasogli 0-0: Ground out 5-3 (Groundball, 56S)
Bottom of the 1st over - 0 run(s), 1 hit(s), 0 error(s), 1 left on base; Austin 0 - Boston 0
TOP OF THE 2ND
Austin Rangers batting - Pitching for Boston Patriots : RHP Lúcio Sánchez
Batting: RHB Jeff Green 0-0: Ball
1-0: Ball
2-0: Ball
3-0: Called Strike
3-1: Swinging Strike
3-2: Foul Ball, location: 2F
3-2: Base on Balls
Batting: RHB Tony Hernández 0-0: Ball
1-0: Ball
2-0: Called Strike
2-1: Ball
3-1: Called Strike
3-2: SINGLE (Groundball, 56D)
Jeff Green to second
Batting: RHB Matt Sheppard 0-0: Called Strike
0-1: Ball
1-1: Swinging Strike
1-2: Ball
2-2: Strikes out swinging
Batting: LHB Enrique Sánchez 0-0: Foul Ball, location: 2F
0-1: SINGLE (Flyball, 78S)
Jeff Green to third
Tony Hernández to second
Runner from 3rd tries for Home, SAFE, throw made home
Tony Hernández to third
Enrique Sánchez to second
Batting: RHB José Muñóz 0-0: Called Strike
0-1: Swinging Strike
0-2: Strikes out swinging
Batting: RHB Miguel Morán 0-0: Ball
1-0: Ground out 5-3 (Groundball, 5L)
Top of the 2nd over - 1 run(s), 2 hit(s), 0 error(s), 2 left on base; Austin 1 - Boston 0
BOTTOM OF THE 2ND
Boston Patriots batting - Pitching for Austin Rangers : RHP Juan Valéncia
Batting: RHB Tamasaburo Kato 0-0: Ball
1-0: Ball
2-0: Ground out 6-3 (Groundball, 6)
Batting: LHB Jorge Alejándrez 0-0: Fly out, F6 (Flyball, 6MD)
Batting: LHB Bill Chambers 0-0: Ball
1-0: Fly out, F7 (Flyball, 7S)
Bottom of the 2nd over - 0 run(s), 0 hit(s), 0 error(s), 0 left on base; Austin 1 - Boston 0
TOP OF THE 3RD
Austin Rangers batting - Pitching for Boston Patriots : RHP Lúcio Sánchez
Batting: RHB Rodney Hanna 0-0: Called Strike
0-1: Ball
1-1: Called Strike
1-2: Ball
2-2: Strikes out swinging
Batting: SHB Xavier Vásquez 0-0: Called Strike
0-1: Foul Ball, location: 2F
0-2: Strikes out swinging
Batting: LHB Jesús Reyes 0-0: Called Strike
0-1: Ball
1-1: Ball
2-1: Foul Ball, location: 2F
2-2: Ball
3-2: Foul Ball, location: 2F
3-2: Strikes out swinging
Top of the 3rd over - 0 run(s), 0 hit(s), 0 error(s), 0 left on base; Austin 1 - Boston 0
BOTTOM OF THE 3RD
Boston Patriots batting - Pitching for Austin Rangers : RHP Juan Valéncia
Batting: RHB Karl Schultz 0-0: Fly out, F7 (Line Drive, 7D)
Batting: RHB Vincente Flores 0-0: SINGLE (Line Drive, 9LS)
Batting: LHB Alberto Enríquez 0-0: Called Strike
0-1: Ball
1-1: Ball
2-1: SINGLE (Groundball, 6MD)
Vincente Flores to second
Batting: LHB Ramón Félix 0-0: Ball
1-0: Ball
2-0: Called Strike
2-1: Ball
3-1: Grounds out, U3 (Groundball, 3L)
Vincente Flores to third
Batting: RHB Terry Armstrong 0-0: Called Strike
0-1: Ground out 4-3 (Groundball, 4)
Bottom of the 3rd over - 0 run(s), 2 hit(s), 0 error(s), 2 left on base; Austin 1 - Boston 0
TOP OF THE 4TH
Austin Rangers batting - Pitching for Boston Patriots : RHP Lúcio Sánchez
Batting: RHB Jeff Green 0-0: Ball
1-0: Ball
2-0: Ground out 6-3 (Groundball, 6)
Batting: RHB Tony Hernández 0-0: Ball
1-0: Called Strike
1-1: Foul Ball, location: 2F
1-2: Strikes out looking
Batting: RHB Matt Sheppard 0-0: Called Strike
0-1: Ball
1-1: Swinging Strike
1-2: Ball
2-2: Foul Ball, location: 2F
2-2: Foul Ball, location: 2F
2-2: Ball
3-2: Strikes out swinging
Top of the 4th over - 0 run(s), 0 hit(s), 0 error(s), 0 left on base; Austin 1 - Boston 0
BOTTOM OF THE 4TH
Boston Patriots batting - Pitching for Austin Rangers : RHP Juan Valéncia
Batting: RHB Joseph Papasogli 0-0: Ground out 5-3 (Groundball, 56)
Batting: RHB Tamasaburo Kato 0-0: DOUBLE (Line Drive, 7LD)
Batting: LHB Jorge Alejándrez 0-0: Swinging Strike
0-1: Fly out, F8 (Flyball, 78M)
Batting: LHB Bill Chambers 0-0: Called Strike
0-1: Ball
1-1: TRIPLE (Flyball, 89M)
Tamasaburo Kato scores
Batting: RHB Karl Schultz 0-0: Foul Ball, location: 2F
0-1: Swinging Strike
0-2: Foul Ball, location: 2F
0-2: Ground out 6-3 (Groundball, 6M)
Bottom of the 4th over - 1 run(s), 2 hit(s), 0 error(s), 1 left on base; Austin 1 - Boston 1
TOP OF THE 5TH
Austin Rangers batting - Pitching for Boston Patriots : RHP Lúcio Sánchez
Batting: LHB Enrique Sánchez 0-0: Swinging Strike
0-1: Ball
1-1: Ball
2-1: Reached via error on a dropped throw, E3
Batting: RHB José Muñóz 0-0: Foul Ball, location: 2F
0-1: Sac Bunt - play at second, runner OUT! 1-6
Batting: RHB Miguel Morán 0-0: Called Strike
0-1: Grounds into double play, 6-4-3 (Groundball, 6)
Top of the 5th over - 0 run(s), 0 hit(s), 1 error(s), 0 left on base; Austin 1 - Boston 1
BOTTOM OF THE 5TH
Boston Patriots batting - Pitching for Austin Rangers : RHP Juan Valéncia
Batting: RHB Vincente Flores 0-0: Ball
1-0: Ball
2-0: Foul Ball, location: 2F
2-1: Fly out, F7 (Flyball, 7S)
Batting: LHB Alberto Enríquez 0-0: Called Strike
0-1: Foul Ball, location: 2F
0-2: Ball
1-2: Foul Ball, location: 2F
1-2: Foul Ball, location: 2F
1-2: Ball
2-2: Ball
3-2: Ground out U3 (Groundball, 3)
Batting: LHB Ramón Félix 0-0: Foul Ball, location: 2F
0-1: Foul Ball, location: 2F
0-2: Ball
1-2: Foul Ball, location: 2F
1-2: Ball
2-2: Strikes out swinging
Bottom of the 5th over - 0 run(s), 0 hit(s), 0 error(s), 0 left on base; Austin 1 - Boston 1
TOP OF THE 6TH
Austin Rangers batting - Pitching for Boston Patriots : RHP Lúcio Sánchez
Batting: RHB Rodney Hanna 0-0: Called Strike
0-1: Ball
1-1: Ball
2-1: Foul Ball, location: 2F
2-2: SOLO HOME RUN (Flyball, 7D), Distance : 385 ft
Batting: SHB Xavier Vásquez 0-0: Ball
1-0: Called Strike
1-1: SINGLE (Flyball, 8LS)
Batting: LHB Jesús Reyes 0-0: Ball
1-0: Foul Ball, location: 2F
1-1: Swinging Strike
1-2: Ground out 4-3 (Groundball, 4S)
Xavier Vásquez to second
Pitching: RHP Jeff Territt
Batting: RHB Jeff Green 0-0: Foul Ball, location: 2F
0-1: Foul Ball, location: 2F
0-2: Strikes out looking
Batting: RHB Tony Hernández 0-0: Ball
1-0: Ball
2-0: Called Strike
2-1: Swinging Strike
2-2: Foul Ball, location: 2F
2-2: Fly out, F9 (Flyball, 9LS)
Top of the 6th over - 1 run(s), 2 hit(s), 0 error(s), 1 left on base; Austin 2 - Boston 1
BOTTOM OF THE 6TH
Boston Patriots batting - Pitching for Austin Rangers : RHP Juan Valéncia
Batting: RHB Terry Armstrong 0-0: Ball
1-0: Ball
2-0: Called Strike
2-1: Foul Ball, location: 2F
2-2: Foul Ball, location: 2F
2-2: Foul Ball, location: 2F
2-2: SINGLE (Groundball, 4MD)
Batting: RHB Joseph Papasogli 0-0: Ball
1-0: Ball
2-0: Called Strike
2-1: Ball
3-1: Ground out 5-3 (Groundball, 56D)
Terry Armstrong to second
Batting: RHB Tamasaburo Kato 0-0: Called Strike
0-1: Ground out 5-3 (Groundball, 56)
Batting: LHB Jorge Alejándrez 0-0: Ball
1-0: Ball
2-0: Ground out U3 (Groundball, 3)
Bottom of the 6th over - 0 run(s), 1 hit(s), 0 error(s), 1 left on base; Austin 2 - Boston 1
TOP OF THE 7TH
Austin Rangers batting - Pitching for Boston Patriots : RHP Jeff Territt
Batting: RHB Matt Sheppard 0-0: Ball
1-0: Ball
2-0: Swinging Strike
2-1: Ball
3-1: Single, Error in OF, E8, batter to second base
Batting: LHB Enrique Sánchez 0-0: Intentional Walk
Batting: RHB José Muñóz 0-0: Ground out 5-3 (Groundball, 56S)
Matt Sheppard to third
Enrique Sánchez to second
Pinch Hitting: LHB Héctor Cortéz 0-0: Intentional Walk
Batting: RHB Rodney Hanna 0-0: Ball
1-0: Ball
2-0: Grounds into fielders choice 5-2 (Groundball, 56S)
Enrique Sánchez to third
Héctor Cortéz to second
Batting: SHB Xavier Vásquez 0-0: Swinging Strike
0-1: Fly out, F7 (Flyball, 7)
Top of the 7th over - 0 run(s), 1 hit(s), 1 error(s), 3 left on base; Austin 2 - Boston 1
BOTTOM OF THE 7TH
Boston Patriots batting - Pitching for Austin Rangers : RHP Juan Valéncia
Now in RF: Héctor Cortéz
Batting: LHB Bill Chambers 0-0: Ground out 4-3 (Groundball, 4)
Batting: RHB Karl Schultz 0-0: Swinging Strike
0-1: Foul Ball, location: 2F
0-2: Foul Ball, location: 2F
0-2: Ball
1-2: Strikes out swinging
Batting: RHB Vincente Flores 0-0: Foul Ball, location: 2F
0-1: Foul Ball, location: 2F
0-2: Foul Ball, location: 2F
0-2: Ball
1-2: DOUBLE (Line Drive, 5D)
Batting: LHB Alberto Enríquez 0-0: Ball
1-0: Called Strike
1-1: Ball
2-1: Fly out, F8 (Flyball, 8LS)
Bottom of the 7th over - 0 run(s), 1 hit(s), 0 error(s), 1 left on base; Austin 2 - Boston 1
TOP OF THE 8TH
Austin Rangers batting - Pitching for Boston Patriots : RHP Jeff Territt
Batting: LHB Jesús Reyes 0-0: SINGLE (Line Drive, 8LS)
Batting: RHB Jeff Green 0-0: Grounds into double play, 6-4-3 (Groundball, 6M)
Batting: RHB Tony Hernández 0-0: Called Strike
0-1: Ball
1-1: Foul Ball, location: 2F
1-2: Ball
2-2: Ground out 6-3 (Groundball, 56)
Top of the 8th over - 0 run(s), 1 hit(s), 0 error(s), 0 left on base; Austin 2 - Boston 1
BOTTOM OF THE 8TH
Boston Patriots batting - Pitching for Austin Rangers : RHP Juan Valéncia
Batting: LHB Ramón Félix 0-0: Foul Ball, location: 2F
0-1: Ball
1-1: Foul Ball, location: 2F
1-2: Ball
2-2: Ball
3-2: Ground out 2-3 (Groundball, 15S)
Batting: RHB Terry Armstrong 0-0: Ball
1-0: Ball
2-0: Ball
3-0: Base on Balls
Batting: RHB Joseph Papasogli 0-0: Ball
1-0: Reached on error, E6 (Groundball, 6)
Terry Armstrong to second
Batting: RHB Tamasaburo Kato 0-0: Ball
1-0: Ball
2-0: Ball
3-0: Base on Balls
Terry Armstrong to third
Joseph Papasogli to second
Pitching: RHP Weston Fisher
Batting: LHB Jorge Alejándrez 0-0: Called Strike
0-1: Called Strike
0-2: Foul Ball, location: 2F
0-2: Ball
1-2: Ball
2-2: Ball
3-2: Foul Ball, location: 2F
3-2: Base on Balls
Terry Armstrong scores
Joseph Papasogli to third
Tamasaburo Kato to second
Batting: LHB Bill Chambers 0-0: Fly out, F8 (Line Drive, 8LD)
Runner from 3rd tags up, SCORES, no throw
Batting: RHB Karl Schultz 0-0: Foul Ball, location: 2F
0-1: Ball
1-1: Swinging Strike
1-2: Ball
2-2: Ball
3-2: Strikes out swinging
Bottom of the 8th over - 2 run(s), 0 hit(s), 1 error(s), 2 left on base; Austin 2 - Boston 3
TOP OF THE 9TH
Austin Rangers batting - Pitching for Boston Patriots : RHP Jeff Territt
Pitching: RHP Folkert van Huizen
Batting: RHB Matt Sheppard 0-0: Ball
1-0: Swinging Strike
1-1: Ball
2-1: Foul Ball, location: 2F
2-2: SINGLE (Groundball, 4MD)
Batting: LHB Enrique Sánchez 0-0: Sac Bunt - play at first, batter OUT! 1-3
Matt Sheppard to second
Batting: RHB José Muñóz 0-0: Called Strike
0-1: Ball
1-1: SINGLE (Groundball, 6M) (infield hit)
Matt Sheppard to third
Batting: LHB Héctor Cortéz 0-0: Ball
1-0: Swinging Strike
1-1: Swinging Strike
1-2: Strikes out swinging
Batting: RHB Rodney Hanna 0-0: Ball
1-0: Foul Ball, location: 2F
1-1: Ball
2-1: Ball
3-1: Foul Ball, location: 2F
3-2: Hit by Pitch
José Muñóz to second
Batting: SHB Xavier Vásquez 0-0: Foul Ball, location: 2F
0-1: Swinging Strike
0-2: Strikes out swinging
Top of the 9th over - 0 run(s), 2 hit(s), 0 error(s), 3 left on base; Austin 2 - Boston 3
Saturday, May 26th, 2018 - OOTP Baseball 17.12 Build 75